 Dungeon Crawl Stone Soup version 0.29-a0-830-gcb1280458a (webtiles) character file.

Game seed: 10516445318919140061

13310 Conn the Thaumaturge (level 12, -3/103 HPs)
             Began as an Octopode Fire Elementalist on July 12, 2022.
             Was a Priest of Sif Muna.
             Slain by a six-headed hydra (5 damage)
             ... on level 11 of the Dungeon.
             The game lasted 00:45:45 (12521 turns).

Conn the Thaumaturge (Octopode Fire Elementalist)  Turns: 12521, Time: 00:45:46

Health: -3/103     AC: 30    Str:  6 (8)  XL:     12   Next: 4%
Magic:  21/36      EV:  2    Int: 24 (26) God:    Sif Muna [***...]
Gold:   614        SH:  8    Dex: 10 (12) Spells: 14/33 levels left

rFire   . . .      SeeInvis .   b - staff of fire
rCold   . . .      Faith    .   A - +3 buckler of Dyspraxia {rPois rF- rCorr Int+4}
rNeg    + . .      Spirit   .   (helmet currently unavailable)
rPois   +          Reflect  .   (no amulet)
rElec   .          Harm     .   c - +4 ring of protection
rCorr   +          Rampage  .   e - ring of resist corrosion
Will    +....      NoTele   +   t - ring of magical power
Stlth   +++.......              B - ring of willpower
HPRegen 0.27/turn               I - ring of positive energy
MPRegen 0.25/turn               (no ring)
                                (no ring)
                                (no ring)

@: brilliant, tree-form
A: stationary, stasis, torment immunity, boosted hp, almost no armour,
(amphibious), 8 rings, (camouflage 1), (gelatinous body 1), (nimble swimmer 1),
(tentacles)
a: Renounce Religion, Channel Magic, Forget Spell


You were on level 11 of the Dungeon.
You worshipped Sif Muna.
Sif Muna was most pleased with you.
You were a tree.
You visited 2 branches of the dungeon, and saw 12 of its levels.

You collected 614 gold pieces.

Inventory:

Hand Weapons
 a - a +1 dagger of venom
 f - a +0 dagger
Armour
 A - the +3 buckler of Dyspraxia (worn) {rPois rF- rCorr Int+4}
   (You found it on level 6 of the Dungeon)

   Int:       It affects your intelligence (+4).
   rF:        It makes you vulnerable to fire.
   rPois:     It protects you from poison.
   rCorr:     It protects you from acid and corrosion.
Magical Staves
 b - a staff of fire (weapon)
Jewellery
 c - a +4 ring of protection (left branch)
 e - a ring of resist corrosion (right branch)
 t - a ring of magical power (on tentacle)
 u - a ring of ice
 B - a ring of willpower (on tentacle)
 I - a ring of positive energy (on tentacle)
Wands
 o - a wand of roots (16)
 s - a wand of mindburst (36)
 F - a wand of digging (5)
 N - a wand of acid (5)
Scrolls
 k - a scroll of poison {unknown}
 m - a scroll of magic mapping {unknown}
 n - a scroll of summoning {unknown}
 p - 5 scrolls of amnesia
 w - 3 scrolls of immolation {unknown}
 D - 2 scrolls of vulnerability {unknown}
 G - 2 scrolls of noise {unknown}
 H - 3 scrolls of blinking {unknown}
 J - 2 scrolls of teleportation {unknown}
 K - a scroll of enchant weapon {unknown}
 L - 2 scrolls of silence {unknown}
Potions
 d - 2 potions of mutation
 g - 2 potions of resistance
 i - a potion of berserk rage
 j - 4 potions of curing
 l - 2 potions of lignification
 q - 2 potions of magic
 v - 2 potions of might
 y - 2 potions of attraction
 z - 3 potions of degeneration
 C - a potion of flight {unknown}
 E - a potion of invisibility {unknown}
 M - 2 potions of ambrosia


   Skills:
 + Level 1.4 Fighting
 + Level 1.2 Short Blades
 + Level 2.5 Dodging
 + Level 6.8 Stealth
 * Level 5.0 Shields
 + Level 0.1 Unarmed Combat
 * Level 11.0 Spellcasting
 * Level 6.7 Conjurations
 - Level 3.3 Hexes
 - Level 4.1 Summonings
 + Level 8.0 Fire Magic
 * Level 3.0 Earth Magic
 * Level 5.8 Invocations
 + Level 0.5 Evocations


You had 14 spell levels left.
You knew the following spells:

 Your Spells              Type           Power      Damage    Failure   Level
a - Foxfire               Conj/Fire      100%       2x1d9     1%          1
b - Conjure Flame         Conj/Fire      83%        6-21      1%          3
c - Inner Flame           Hex/Fire       74%        N/A       1%          3
d - Flame Wave            Conj/Fire      83%        2d14      3%          4
e - Scorch                Fire           100%       2d10      1%          2
f - Stone Arrow           Conj/Erth      100%       3d13      2%          3
g - Summon Guardian Gole  Hex/Summ       46%        N/A       3%          3

Your spell library contained the following spells:

 Spells                   Type           Power      Damage    Failure   Level
 Sandblast                Erth           82%        2d17      1%          1
 Summon Small Mammal      Summ           100%       N/A       1%          1
 Call Canine Familiar     Summ           49%        N/A       3%          3
 Passwall                 Tmut/Erth      25%        N/A       4%          2
 Cause Fear               Hex            22%        N/A       16%         4
 Discord                  Hex            22%        N/A       100%        8


Dungeon Overview and Level Annotations

Branches:
Dungeon (11/15)            Temple (1/1) D:4            Lair (0/6) D:10
    Orc: D:9-12

Altars:
Ashenzari
Cheibriados
Dithmenos
Elyvilon
Fedhas
Gozag
Hepliaklqana
Kikubaaqudgha
Makhleb
Nemelex Xobeh
Okawaru
Qazlal
Ru
Sif Muna
Trog
Uskayaw
Vehumet
Wu Jian
Yredelemnul
Zin
The Shining One

Shops:
D:1 *((

Annotations:
D:4 1 runed translucent door, Crazy Yiuf


Innate Abilities, Weirdness & Mutations

You are a tree.
Your roots penetrate the ground, keeping you stationary.
You cannot be teleported.
You are immune to unholy pain and torment.
Your maximum health is greatly increased.
You cannot wear most types of armour.
((You are amphibious.))
You can wear up to eight rings at the same time.
((Your skin changes colour to match your surroundings (Stealth+).))
((Your rubbery body absorbs attacks. (AC +1, EV +1)))
((You are camouflaged when in or above water. (Stealth+)))
((You have tentacles for arms and can constrict up to eight enemies at once.))


Message History

The six-headed hydra bites you but does no damage.
The six-headed hydra bites you.
* * * LOW HITPOINT WARNING * * *
The six-headed hydra bites you but does no damage.
The centaur warrior shoots an arrow.
The arrow hits you!
* * * LOW HITPOINT WARNING * * *
An orc wizard comes into view. It is wielding a +0 dagger.
Okay, then.
Okay, then.
Casting: Flame Wave (dangerous; 3% risk of failure)
Confirm with . or Enter, or press ? or * to list all spells.
Okay, then.
Okay, then.
Okay, then.
Okay, then.
Okay, then.
Okay, then.
Okay, then.
Casting: Flame Wave (dangerous; 3% risk of failure)
Confirm with . or Enter, or press ? or * to list all spells.
Okay, then.
You feel much better.
The six-headed hydra bites you but does no damage.
You block the six-headed hydra's attack.
The six-headed hydra bites you but does no damage. x2
The six-headed hydra bites you!
* * * LOW HITPOINT WARNING * * *
The six-headed hydra bites you but does no damage.
The centaur warrior shoots an arrow.
The arrow hits you.
* * * LOW HITPOINT WARNING * * *
You feel much better.
The basilisk is no longer petrified.
The six-headed hydra bites you!
* * * LOW HITPOINT WARNING * * *
The six-headed hydra bites you.
* * * LOW HITPOINT WARNING * * *
The six-headed hydra bites you but does no damage.
The six-headed hydra completely misses you.
You block the six-headed hydra's attack.
The six-headed hydra bites you.
You die...

)≈≈≈.##..##..#..#
≈≈≈≈.#..##..#.#..#
≈≈≈#...##..#####..#
≈≈.#...#..## #...
..##.#.#.## #Y.#
.....#..#.# ###
.......#.## ##.#
>......#..## ##○c#
.......##..#####♣†#.....#
.#####..##..#.#lD#o#####c
.........##†.#..#.##
#.#.##....##...#.##
..........#.###..#
..........## .##
..#.......# ..
..........# #.#
≈.#......## #.


You could see a six-headed hydra, a centaur warrior, a basilisk and an orc
wizard.

Vanquished Creatures
  2 boulder beetles (D:11)
  A catoblepas (D:11)
  3 two-headed ogres
  Erica (D:9)
  Pikel (D:5)
  Psyche (D:10)
  Maggie (D:8)
  3 trolls
  2 shadows
  7 yaks
  A water elemental (D:11)
  A vampire (D:10)
  2 wyverns
  2 wraiths (D:11)
  3 water moccasins
  2 orc warriors
  A hornet zombie (D:7)
  3 ice beasts
  A black bear (D:6)
  An ogre (D:6)
  2 sky beasts (D:7)
  3 wolves (D:10)
  2 centaurs (D:9)
  A lemure (D:5)
  A kobold brigand (D:7)
  A phantom (D:7)
  6 bullfrogs
  A gnoll sergeant (D:11)
  2 necrophages (D:5)
  10 wights
  2 scorpions
  10 killer bees
  6 electric eels
  A howler monkey (D:7)
  A lava snake (D:9)
  A centaur zombie (D:7)
  9 hounds
  2 orc priests
  3 gnoll boudas
  A jelly (D:5)
  3 iguanas
  10 orc wizards
  16 gnolls
  7 adders
  2 shadow imps
  3 white imps
  3 ufetubi
  2 worms (D:2)
  3 dart slugs
  14 orcs
  A bat (D:3)
  4 endoplasms
  2 giant cockroaches
  4 goblins
  10 hobgoblins
  8 jackals
  2 quokkas (D:3)
  6 ball pythons
  3 frilled lizards
  9 kobolds
  3 rats (D:1)
219 creatures vanquished.

Vanquished Creatures (collateral kills)
  A foxfire (D:5)
1 creature vanquished.

Vanquished Creatures (others)
  An ugly thing (D:11)
  A yak (D:11)
  752 foxfires
754 creatures vanquished.

Grand Total: 974 creatures vanquished

Notes
Turn   | Place    | Note
-------+----------+-------------------------------------------
     0 | D:1      | Conn the Octopode Fire Elementalist began the quest for the
                  | Orb.
     0 | D:1      | Reached XP level 1. HP: 11/11 MP: 3/3
   175 | D:1      | Found Wah Wea's Antique Weapon Shop.
   250 | D:1      | Reached XP level 2. HP: 16/17 MP: 0/5
   405 | D:1      | Found Tauleheng's Antique Weapon Boutique.
   520 | D:1      | Found Yrphay's Assorted Antiques.
   854 | D:1      | Reached XP level 3. HP: 21/21 MP: 2/6
  1089 | D:2      | Reached XP level 4. HP: 25/27 MP: 2/7
  1264 | D:2      | Found a faded altar of an unknown god.
  1698 | D:2      | Found an ornate altar of the Wu Jian Council.
  2405 | D:3      | Reached XP level 5. HP: 31/31 MP: 8/8
  2707 | D:3      | Found a faded altar of an unknown god.
  2763 | D:3      | Found a bloodstained altar of Trog.
  2867 | D:3      | Reached skill level 1 in Short Blades
  2985 | D:3      | Found a burning altar of Makhleb.
  3002 | D:3      | Found a blossoming altar of Fedhas.
  3275 | D:4      | Reached skill level 5 in Stealth
  3290 | D:3      | Learned a level 2 spell: Scorch
  3294 | D:3      | Learned a level 3 spell: Conjure Flame
  3298 | D:3      | Learned a level 3 spell: Inner Flame
  3436 | D:4      | Reached XP level 6. HP: 32/37 MP: 5/10
  3759 | D:4      | Found a staircase to the Ecumenical Temple.
  3765 | Temple   | Entered the Ecumenical Temple
  3855 | Temple   | Became a worshipper of Sif Muna the Loreminder
  3932 | D:4      | Found a runed translucent door.
  3933 | D:4      | Noticed Crazy Yiuf
  4119 | D:5      | Entered Level 5 of the Dungeon
  4125 | D:5      | Reached skill level 3 in Spellcasting
  4506 | D:5      | Found a hazy altar of Hepliaklqana.
  4506 | D:5      | Noticed Pikel
  4520 | D:5      | Killed Pikel
  4521 | D:5      | Reached skill level 1 in Fighting
  4521 | D:5      | Reached skill level 4 in Spellcasting
  4521 | D:5      | Reached skill level 5 in Fire Magic
  4521 | D:5      | Reached XP level 7. HP: 40/43 MP: 1/14
  4533 | D:5      | Reached XP level 8. HP: 48/48 MP: 15/15
  4545 | D:5      | Reached skill level 5 in Spellcasting
  5080 | D:6      | Reached skill level 6 in Spellcasting
  5342 | D:6      | Identified the +3 buckler of Dyspraxia {rPois rF- rCorr
                  | Int+4}
  5388 | D:6      | Reached skill level 1 in Invocations
  5679 | D:6      | Reached * piety under Sif Muna
  5680 | D:6      | Reached skill level 1 in Shields
  5680 | D:6      | Reached XP level 9. HP: 25/53 MP: 14/19
  5915 | D:6      | Found a faded altar of an unknown god.
  6129 | D:7      | Reached skill level 7 in Spellcasting
  6165 | D:7      | Reached skill level 5 in Conjurations
  6198 | D:7      | Found a sacrificial altar of Ru.
  6268 | D:7      | Learned a level 4 spell: Flame Wave
  6272 | D:7      | Learned a level 3 spell: Stone Arrow
  6276 | D:7      | Learned a level 3 spell: Summon Guardian Golem
  6441 | D:7      | Found a basalt altar of Yredelemnul.
  6507 | D:7      | Found a snail-covered altar of Cheibriados.
  6513 | D:7      | Reached skill level 1 in Summonings
  6558 | D:7      | Reached skill level 1 in Hexes
  7000 | D:7      | Found a glowing silver altar of Zin.
  7005 | D:7      | Found a hide-covered altar of Uskayaw.
  7301 | D:8      | Noticed a troll
  7310 | D:8      | Killed a troll
  7653 | D:8      | Noticed Maggie
  7661 | D:8      | Reached XP level 10. HP: 58/58 MP: 21/21
  7669 | D:8      | Killed Maggie
  7670 | D:8      | Reached skill level 8 in Spellcasting
  7678 | D:8      | Reached ** piety under Sif Muna
  8121 | D:9      | Noticed Erica
  8128 | D:9      | Killed Erica
  9016 | D:9      | Reached skill level 9 in Spellcasting
  9281 | D:9      | Reached skill level 1 in Earth Magic
  9413 | D:10     | Entered Level 10 of the Dungeon
  9413 | D:10     | Noticed Psyche
  9421 | D:10     | Killed Psyche
  9436 | D:10     | Reached XP level 11. HP: 33/63 MP: 18/24
  9798 | D:10     | Found a shadowy altar of Dithmenos.
  9893 | D:10     | Reached skill level 5 in Invocations
  9893 | D:10     | Reached *** piety under Sif Muna
 10123 | D:10     | Found a staircase to the Lair.
 10407 | D:10     | Noticed a two-headed ogre
 10415 | D:10     | Killed a two-headed ogre
 10416 | D:10     | Reached skill level 10 in Spellcasting
 11132 | D:11     | Noticed a boulder beetle
 11145 | D:11     | Killed a boulder beetle
 11408 | D:11     | Noticed a two-headed ogre
 11417 | D:11     | Killed a two-headed ogre
 11965 | D:11     | Noticed a red ugly thing
 11972 | D:11     | Killed a red ugly thing
 12044 | D:11     | Noticed a boulder beetle
 12181 | D:11     | Killed a boulder beetle
 12304 | D:11     | Noticed a two-headed ogre
 12315 | D:11     | Killed a two-headed ogre
 12486 | D:11     | Noticed a catoblepas
 12488 | D:11     | Noticed a centaur warrior
 12508 | D:11     | Noticed a six-headed hydra
 12518 | D:11     | Killed a catoblepas
 12519 | D:11     | Reached skill level 5 in Shields
 12519 | D:11     | Reached skill level 11 in Spellcasting
 12519 | D:11     | Reached XP level 12. HP: 8/69 MP: 20/27
 12519 | D:11     | HP: 5/103 [centaur warrior/arrow (7)]
 12521 | D:11     | HP: 2/103 [six-headed hydra (2)]
 12521 | D:11     | Slain by a six-headed hydra

Illustrated notes

Levels and vault maps discovered:
D:1:      dpeg_arrival_arbitrary_b, layout_basic, serial_shops, shop,
          nicolae_shop_waterfront, nicolae_lakefront_shop, st_stairs_1
D:2:      layout_loops_ring, basic_altar, hellmonk_ecumenical_altar_dog_temple,
          feat_on_display
D:3:      layout_loops_ring, mainiacjoe_overflow_surrounded_room,
          nicolae_overflow_ecumenical_swirl, bloody_makhleb
D:4:      layout_cave_pools, minmay_temple_entry_mini_moons,
          uniq_crazy_yiuf_cottage
D:5:      layout_loops_ring, old_standard_altar, uniq_pikel
D:6:      layout_cave_pools, serial_column_ruins, column_ruins_hut_pillars,
          column_ruins_temple_hut, column_ruins_open_medium,
          column_ruins_open_tiny, column_ruins_grid_3, column_ruins_open_tiny,
          column_ruins_grid_1, column_ruins_columns_corner
D:7:      minmay_general_purpose_star, layout_cave_pools,
          lemuel_zombie_altar_yredelemnul,
          mainiacjoe_overflow_concentric_impassable, nicolae_ru_awakened_eye,
          minitemple, minmay_misc_feat_ornament
D:8:      layout_basic, serial_rivers, chequers_serial_rivers_micro_c,
          chequers_serial_rivers_small_3, chequers_serial_rivers_small_3,
          chequers_serial_rivers_micro_b, chequers_serial_rivers_micro_e,
          chequers_serial_rivers_micro_e, uniq_maggie
D:9:      layout_rooms, kennysheep_flooded_box, lemuel_another_geyser,
          uniq_erica
D:10:     layout_layer_cave, nicolae_dithmenos_through_a_glass_darkly,
          erik_lair_island, uniq_psyche
D:11:     minmay_the_grid_octo_tiled_octocenter_mashed
          [minmay_the_grid_octo_fan_narrow, minmay_the_grid_octo_thin_diamonds,
          minmay_the_grid_octo_fat_diamond, minmay_the_grid_octo_clover,
          minmay_the_grid_octo_prize_big_c,
          minmay_the_grid_square_5x5_six_small, minmay_the_grid_square_5x5_c,
          minmay_the_grid_square_5x5_seven,
          minmay_the_grid_square_5x5_inverted_slash], layout_basic
Temple:   nicolae_temple_godzebo

Skill      XL: |  1  2  3  4  5  6  7  8  9 10 11 |
---------------+----------------------------------+-----
Stealth        | 3 4 5 6 |  6.8
Fire Magic     | 4 5 6 8 |  8.0
Short Blades   | 1 |  1.2
Spellcasting   | 4 6 7 9 11 | 11.0
Conjurations   | 3 4 5 6 |  6.7
Fighting       | 1 |  1.4
Invocations    | 1 3 4 5 |  5.8
Shields        | 1 2 3 5 |  5.0
Summonings     | 2 4 |  4.1
Hexes          | 2 3 |  3.3
Earth Magic    | 1 3 |  3.0
Dodging        | |  2.5
Unarmed Combat | |  0.1
Evocations     | |  0.5

Action                   |  1- 3 |  4- 6 |  7- 9 | 10-12 || total
-------------------------+-------+-------+-------+-------++-------
Melee: Unarmed           |     8 |       |       |       ||     8
       Constrict         |     5 |     7 |     1 |     3 ||    16
       Tentacles         |     4 |     2 |     1 |     5 ||    12
       Dagger            |    13 |    26 |       |     6 ||    45
       Punch             |       |     1 |       |       ||     1
       Staff             |       |       |     4 |    10 ||    14
 Cast: Foxfire           |    33 |    96 |   153 |   146 ||   428
       Scorch            |       |    11 |    39 |    85 ||   135
       Inner Flame       |       |     4 |     6 |    13 ||    23
       Conjure Flame     |       |     1 |     2 |     8 ||    11
       Summon Guardian G |       |       |     1 |     8 ||     9
       Flame Wave        |       |       |       |    10 ||    10
       Stone Arrow       |       |       |       |     4 ||     4
Evoke: Wand              |       |     2 |       |       ||     2
  Use: Scroll            |       |     6 |     2 |     3 ||    11
       Potion            |       |     2 |     2 |     8 ||    12
 Stab: Sleeping          |     5 |    10 |       |     3 ||    18
Armor: Skin              |     6 |     7 |    11 |    93 ||   117
Dodge: Dodged            |    13 |    19 |    19 |    33 ||    84
Block: Buckler           |       |       |     7 |    36 ||    43

Table legend: (Time is in decaauts)
 A = Elapsed time spent in this place.
 B = Non-inter-level travel time spent in this place.
 C = Inter-level travel time spent in this place.
 D = Time resting spent in this place.
 E = Time spent auto-exploring this place.
 F = Levels seen in this place.
 G = Mean time per level.
                   A        B        C        D        E       F      G
               +--------+--------+--------+--------+--------+-----+--------+
         Total |  12515 |  12180 |    335 |    122 |   9818 |  12 | 1042.9 |
       Dungeon |  12404 |  12090 |    314 |    122 |   9744 |  11 | 1127.6 |
        Temple |    111 |     90 |     21 |      0 |     74 |   1 |  111.0 |
               +--------+--------+--------+--------+--------+-----+--------+

Top non-repeatable levels by time:
    D:10: 1680 daAuts
    D:11: 1427 daAuts
     D:9: 1291 daAuts
     D:2: 1210 daAuts
     D:8: 1071 daAuts
     D:6: 1021 daAuts
     D:1: 997 daAuts
     D:3: 994 daAuts
     D:7: 988 daAuts
     D:5: 921 daAuts
     D:4: 801 daAuts
  Temple: 111 daAuts
